 Dungeon Crawl Stone Soup version 0.27-a0-1188-g73eefd5def (webtiles) character file.

Game seed: 1026122511432395033

1066 freelancePsychic the Skirmisher (level 8, 0/67 HPs)
             Began as a Gnoll Wanderer on May 21, 2021.
             Slain by an orc warrior
             ... wielding a +0 morningstar
              (16 damage)
             ... on level 5 of the Dungeon.
             The game lasted 00:10:56 (5569 turns).

freelancePsychic the Skirmisher (Gnoll Wanderer)    Turns: 5569, Time: 00:10:57

Health: 0/67       AC:  3    Str: 14    XL:     8   Next: 28%
Magic:  14/14      EV: 12    Int: 11    God:
Gold:   238        SH:  0    Dex: 12    Spells: 12/15 levels left

rFire    . . .     SeeInvis .   b - +0 whip (elec)
rCold    . . .     Faith    .   (no shield)
rNeg     . . .     Spirit   .   d - +1 robe
rPois    .         Reflect  .   (no helmet)
rElec    .         Harm     .   (no cloak)
rCorr    .         Rampage  .   (no gloves)
Will     .....                  (no boots)
Stlth    ++........             (no amulet)
HPRegen  0.21/turn              (no ring)
MPRegen  0.14/turn              (no ring)

@: no status effects
A: fangs 1, strong nose, distributed training
a: no special abilities


You were on level 5 of the Dungeon.
You visited 1 branch of the dungeon, and saw 5 of its levels.

You collected 238 gold pieces.

Inventory:

Hand Weapons
 a - a +2 flail of holy wrath
 b - a +0 whip of electrocution (weapon)
Missiles
 l - 27 poisoned darts (quivered)
 o - 67 arrows
Armour
 d - a +1 robe (worn)
Jewellery
 e - an amulet of the acrobat
 g - a ring of flight
 k - a ring of ice
 q - a +6 ring of intelligence
Wands
 s - a wand of acid (6)
Scrolls
 c - a scroll of fog
 f - 2 scrolls of teleportation {@r4}
 h - a scroll of acquirement {unknown}
 j - a scroll of identify {@r1}
 n - a scroll of amnesia {unknown}
Potions
 i - a potion of flight {unknown}
 m - a potion of magic {unknown}
 p - 2 potions of brilliance {unknown}
 r - a potion of mutation {unknown}


   Skills:
 + Level 7.3 Fighting
 + Level 3.1 Short Blades
 + Level 3.1 Long Blades
 + Level 3.1 Axes
 + Level 3.1 Maces & Flails
 + Level 3.1 Polearms
 + Level 3.1 Staves
 + Level 3.1 Slings
 + Level 4.1 Bows
 + Level 3.1 Crossbows
 + Level 5.6 Throwing
 + Level 4.1 Armour
 + Level 3.1 Dodging
 + Level 3.1 Stealth
 + Level 3.1 Shields
 + Level 3.1 Unarmed Combat
 + Level 4.2 Spellcasting
 + Level 2.5 Conjurations
 + Level 2.5 Hexes
 + Level 2.5 Summonings
 + Level 2.5 Necromancy
 + Level 4.6 Translocations
 + Level 2.5 Transmutations
 + Level 2.5 Fire Magic
 + Level 2.5 Ice Magic
 + Level 2.5 Air Magic
 + Level 2.5 Earth Magic
 + Level 2.5 Poison Magic
 + Level 3.4 Invocations
 + Level 3.1 Evocations


You had 12 spell levels left.
You knew the following spells:

 Your Spells              Type           Power      Damage    Failure   Level
a - Magic Dart            Conj           28%        1d4       9%          1
b - Blink                 Tloc           N/A        N/A       5%          2

Your spell library contained the following spells:

 Spells                   Type           Power      Damage    Failure   Level
 Call Imp                 Summ           7%         N/A       12%         2
 Slow                     Hex            7%         N/A       12%         2
 Conjure Flame            Conj/Fire      7%         6-21      24%         3
 Mephitic Cloud           Conj/Pois/Air  7%         N/A       24%         3


Dungeon Overview and Level Annotations

Branches:
Dungeon (5/15)
 Temple: D:4-7

Altars:

Annotations:
D:3 1 runed translucent door


Innate Abilities, Weirdness & Mutations

You have very sharp teeth.
Your uncanny sense of smell can sniff out nearby items.
Your experience applies equally to all skills.


Message History

The orc hits you with a +0 hand axe.
The orc wizard gestures at itself while chanting.
The orc wizard flickers and vanishes!
Deactivating autopickup; reactivate with Ctrl-A.
You completely miss the orc.
Reactivating autopickup.
You feel a bit more experienced. The orc hits you with a +0 hand axe.
You hit the orc. Lightning courses through the orc!!
You kill the orc!
You hit the orc warrior but do no damage.
Your bite misses the orc warrior.
You hit the orc warrior but do no damage.
Your bite misses the orc warrior.
The orc warrior hits you with a +0 morningstar!
You hit the orc warrior but do no damage.
The orc completely misses you.
You closely miss the orc warrior.
The orc warrior hits you with a +0 morningstar!
The orc hits you with a +0 short sword.
You are too injured to fight recklessly!
You are too injured to fight recklessly!
You are too injured to fight recklessly!
You are too injured to fight recklessly!
You are too injured to fight recklessly!
You are too injured to fight recklessly!
You are too injured to fight recklessly!
You are too injured to fight recklessly!
You are too injured to fight recklessly!
You are too injured to fight recklessly!
You are too injured to fight recklessly!
You are too injured to fight recklessly!
You are too injured to fight recklessly!
You are too injured to fight recklessly!
You are too injured to fight recklessly!
You are too injured to fight recklessly!
You are too injured to fight recklessly!
The orc warrior hits you with a +0 morningstar!!
* * * LOW HITPOINT WARNING * * *
The orc warrior hits you with a +0 morningstar!
You die...

.o$.....# #.....# ..o....#
#.....# o..(..#∆ #.....#
..)..# #.....# .... #######
#####)### .........#...o)..#
#.........#...o...#
#.........#...@...#
#.........#......#######
#.........#......#.....######
#.........#......#..........#
#.........#......#..........#
#.........'......#..†.......#
#.........#####'##..........#
########....................#
#....................#


You could see an orc warrior and an orc.

Vanquished Creatures
  The ghost of Dittersdorf the Covered, an amateur GrFi (D:3)
  An ice beast (D:4)
  A necrophage (D:5)
  3 ogres
  A phantom (D:5)
  A bullfrog (D:3)
  A howler monkey (D:5)
  A hound (D:4)
  A jelly (D:4)
  Jessica (D:3)
  An orc wizard (D:5)
  An iguana (D:4)
  A hound skeleton (D:4)
  4 gnolls
  5 adders
  A shadow imp (D:5)
  An ufetubus (D:4)
  5 worms
  2 dart slugs (D:1)
  7 orcs
  10 ball pythons
  7 bats
  2 endoplasms (D:2)
  4 giant cockroaches
  5 goblins
  7 hobgoblins
  4 jackals (D:3)
  3 kobolds
  4 quokkas
  3 frilled lizards
  9 rats
98 creatures vanquished.

Notes
Turn   | Place    | Note
-------+----------+-------------------------------------------
     0 | D:1      | freelancePsychic the Gnoll Wanderer began the quest for the
                  | Orb.
     0 | D:1      | freelancePsychic set off with the following items: a +0
                  | mace, a potion of curing {@q1}, a +0 robe; and the
                  | following spell memorised: Magic Dart; and the following
                  | spells available to memorise: Blink, Call Imp, Slow,
                  | Conjure Flame, Mephitic Cloud
     0 | D:1      | Reached XP level 1. HP: 23/23 MP: 4/4
   236 | D:1      | Found a faded altar of an unknown god.
   244 | D:1      | Reached XP level 2. HP: 24/29 MP: 1/5
  1038 | D:1      | Reached XP level 3. HP: 35/35 MP: 7/7
  1558 | D:2      | Reached skill level 1 in Invocations
  2057 | D:2      | Reached skill level 1 in Short Blades
  2057 | D:2      | Reached skill level 1 in Long Blades
  2057 | D:2      | Reached skill level 1 in Axes
  2057 | D:2      | Reached skill level 1 in Maces & Flails
  2057 | D:2      | Reached skill level 1 in Polearms
  2057 | D:2      | Reached skill level 1 in Staves
  2057 | D:2      | Reached skill level 1 in Slings
  2057 | D:2      | Reached skill level 1 in Crossbows
  2057 | D:2      | Reached skill level 1 in Dodging
  2057 | D:2      | Reached skill level 1 in Stealth
  2057 | D:2      | Reached skill level 1 in Shields
  2057 | D:2      | Reached skill level 1 in Unarmed Combat
  2057 | D:2      | Reached skill level 1 in Evocations
  2057 | D:2      | Reached XP level 4. HP: 19/41 MP: 8/8
  2678 | D:3      | Reached skill level 1 in Conjurations
  2678 | D:3      | Reached skill level 1 in Hexes
  2678 | D:3      | Reached skill level 1 in Summonings
  2678 | D:3      | Reached skill level 1 in Necromancy
  2678 | D:3      | Reached skill level 1 in Transmutations
  2678 | D:3      | Reached skill level 1 in Fire Magic
  2678 | D:3      | Reached skill level 1 in Ice Magic
  2678 | D:3      | Reached skill level 1 in Air Magic
  2678 | D:3      | Reached skill level 1 in Earth Magic
  2678 | D:3      | Reached skill level 1 in Poison Magic
  2813 | D:4      | Noticed an ice beast
  2930 | D:3      | You fall into a shaft and drop 2 floors!
  2930 | D:5      | Entered Level 5 of the Dungeon
  2946 | D:5      | Noticed an ogre
  2952 | D:5      | Reached XP level 5. HP: 25/47 MP: 9/9
  2963 | D:5      | Noticed an ogre
  2973 | D:5      | Killed an ogre
  3225 | D:5      | Killed an ogre
  3226 | D:5      | Reached skill level 5 in Throwing
  3226 | D:5      | Reached XP level 6. HP: 53/53 MP: 9/11
  3556 | D:4      | Reached XP level 7. HP: 59/59 MP: 12/12
  3601 | D:4      | Reached skill level 7 in Fighting
  4309 | D:3      | Found a runed translucent door.
  4311 | D:3      | Noticed Jessica
  4317 | D:3      | Killed Jessica
  4342 | D:3      | Noticed Dittersdorf's ghost (amateur GrFi)
  4442 | D:3      | Found a runed translucent door.
  4466 | D:3      | Killed Dittersdorf's ghost
  4784 | D:4      | Reached XP level 8. HP: 47/67 MP: 14/14
  5428 | D:4      | Learned a level 2 spell: Blink
  5569 | D:5      | Slain by an orc warrior

Illustrated notes

Levels and vault maps discovered:
D:1:      elethiomel_arrival_diamonds, layout_rooms, basic_ecumenical_altar,
          chequers_serial_rivers_micro_b
D:2:      layout_basic, roderic_lattice_a
D:3:      minmay_chambers_of_threes, layout_basic, ebering_ghost_sewer_f,
          hex_tiny, uniq_jessica
D:4:      layout_rooms
D:5:      layout_gridville, uniq_sigmund

Skill      XL: |  1  2  3  4  5  6  7  8 |
---------------+-------------------------+-----
Invocations    | 1 2 3 |  3.4
Short Blades   | 1 2 3 |  3.1
Long Blades    | 1 2 3 |  3.1
Axes           | 1 2 3 |  3.1
Maces & Flails | 1 2 3 |  3.1
Polearms       | 1 2 3 |  3.1
Staves         | 1 2 3 |  3.1
Slings         | 1 2 3 |  3.1
Crossbows      | 1 2 3 |  3.1
Dodging        | 1 2 3 |  3.1
Stealth        | 1 2 3 |  3.1
Shields        | 1 2 3 |  3.1
Unarmed Combat | 1 2 3 |  3.1
Evocations     | 1 2 3 |  3.1
Spellcasting   | 3 4 |  4.2
Conjurations   | 1 2 |  2.5
Hexes          | 1 2 |  2.5
Summonings     | 1 2 |  2.5
Necromancy     | 1 2 |  2.5
Transmutations | 1 2 |  2.5
Fire Magic     | 1 2 |  2.5
Ice Magic      | 1 2 |  2.5
Air Magic      | 1 2 |  2.5
Earth Magic    | 1 2 |  2.5
Poison Magic   | 1 2 |  2.5
Bows           | 3 4 |  4.1
Armour         | 3 4 |  4.1
Translocations | 4 |  4.6
Throwing       | 5 |  5.6
Fighting       | 7 |  7.3

Action                   |  1- 3 |  4- 6 |  7- 9 || total
-------------------------+-------+-------+-------++-------
Melee: Mace              |    55 |    50 |    11 ||   116
       Bite              |     7 |     2 |    12 ||    21
       Punch             |     1 |       |     1 ||     2
       Flail             |       |       |    82 ||    82
       Whip              |       |       |    49 ||    49
Throw: Dart              |       |    22 |    21 ||    43
 Cast: Magic Dart        |    36 |     3 |       ||    39
  Use: Potion            |     1 |       |       ||     1
       Scroll            |       |     1 |     7 ||     8
 Stab: Sleeping          |     1 |       |     4 ||     5
Armor: Robe              |    11 |    26 |    20 ||    57
Dodge: Dodged            |    39 |    37 |    93 ||   169

Table legend: (Time is in decaauts)
 A = Elapsed time spent in this place.
 B = Non-inter-level travel time spent in this place.
 C = Inter-level travel time spent in this place.
 D = Time resting spent in this place.
 E = Time spent auto-exploring this place.
 F = Levels seen in this place.
 G = Mean time per level.
                   A        B        C        D        E       F      G
               +--------+--------+--------+--------+--------+-----+--------+
         Total |   5622 |   5378 |    244 |    665 |   3866 |   5 | 1124.4 |
       Dungeon |   5622 |   5378 |    244 |    665 |   3866 |   5 | 1124.4 |
               +--------+--------+--------+--------+--------+-----+--------+

Top non-repeatable levels by time:
     D:2: 1527 daAuts
     D:3: 1400 daAuts
     D:1: 1081 daAuts
     D:4: 925 daAuts
     D:5: 687 daAuts
